 Dungeon Crawl Stone Soup version 0.31-a0-844-gdc52ec4e09 (webtiles) character file.

Game seed: 5859641767203262474

4 Bravepunisher the Ducker (level 1, -4/11 HPs)
             Began as a Spriggan Monk on Sept 28, 2023.
             Killed by divine providence
             ... invoked by an orc priest
              (11 damage)
             ... on level 7 of the Dungeon.
             The game lasted 00:02:37 (473 turns).

Bravepunisher the Ducker (Spriggan Monk)             Turns: 473, Time: 00:02:37

Health: -4/11      AC:  2    Str:  7    XL:     1   Next: 50%
Magic:  2/2        EV: 18    Int: 11    God:
Gold:   0          SH:  0    Dex: 17    Spells: 0/0 levels left

rFire   . . .        a - +0 short sword
rCold   . . .        (no shield)
rNeg    . . .        b - +0 robe
rPois   .            (helmet restricted)
rElec   .            (no cloak)
rCorr   .            (gloves unavailable)
SInv    +            (boots unavailable)
Will    .....        (no amulet)
Stlth   ++           (no ring)
HPRegen 0.21/turn    (no ring)
MPRegen 0.08/turn

%: no passive effects
@: very quick
A: very small, no large weapons, unfitting armour, see invisible, speed 3
a: no special abilities


You were on level 7 of the Dungeon.
You visited 1 branch of the dungeon, and saw 7 of its levels.

Inventory:

Hand Weapons
 a - a +0 short sword (weapon)
Armour
 b - a +0 robe (worn)
Jewellery
 c - a +4 ring of protection
Scrolls
 d - a scroll of fog {unknown}
 e - a scroll of noise {unknown}


   Skills:
 * Level 2.6 Fighting
 - Level 3.2 Short Blades
 + Level 4.1 Dodging


You couldn't memorise any spells.
You didn't know any spells.
Your spell library was empty.

Dungeon Overview and Level Annotations

Branches:
Dungeon (7/15)             Temple (0/1) D:7

Altars:
Dithmenos

Annotations:
D:2 Jessica, Terence


Innate Abilities, Weirdness & Mutations

You are very small and have problems with some larger weapons.
You are too small for most types of armour.
You have supernaturally acute eyesight. (SInv)
You cover ground extremely quickly. (Speed+++)


Message History

Found a chain mail.
c - a +4 ring of protection
d - a scroll labelled WUAXKAZUYG
Found a war axe.
Found a scale mail.
Found a shadowy altar of Dithmenos.
You see here a +0 scale mail.
e - a scroll labelled XEYTUE XOPLELO
Found a stone staircase leading down.
There is a stone staircase leading down here.
You climb downwards.
The ogre shouts!
You hear a shout! x3
Found a staircase to the Ecumenical Temple.
There is a stone staircase leading up here.
An orc comes into view. It is wielding a +0 mace.
Found an orcbow and a scroll labelled HOIXANOSEU.
The orc shouts!
An orc comes into view. It is wielding a +0 flail.
An orc comes into view. It is wielding a +0 hand axe.
An orc and an iguana come into view.
The orc shouts!
The iguana hisses angrily.
You open the door.
Found a bubbling black potion.
There is an open door here.
An orc priest comes into view. It is wielding a +0 club.
The iguana barely misses you.
The orc priest shouts!
The orc attacks as it pursues you! The orc barely misses you.
Found a stone staircase leading down.
The orc priest calls down the wrath of Beogh upon you.
Pain shoots through your body!
Found an escape hatch in the floor.
You hit the iguana.
The iguana is lightly wounded.
The orc priest barely misses you. The iguana misses you.
The orc attacks as it pursues you! The orc misses you.
The orc priest mumbles some strange prayers to Beogh against you.
Beogh smites you!
Ouch! That really hurt!
You die...

+......'...#########
#......#...#.......#
#......#...#.......#
#.........##.......#
#...8)8.8....<.....#
#....⌠.⌠....########
#...8Oo.8..?#
#....oolo...#
#...8o8.8@..#
#...........#
#...........#
.........######
........>+
..........#
......>...#
#+#......# ....


You could see an ogre, an iguana, an orc priest and 4 orcs.

Vanquished Creatures
  A ball python (D:2)
  An endoplasm (D:2)
  A quokka (D:2)
3 creatures vanquished.

Notes
Turn   | Place    | Note
-------+----------+-------------------------------------------
     0 | D:1      | Bravepunisher the Spriggan Monk began the quest for the
                  | Orb.
     0 | D:1      | Reached XP level 1. HP: 11/11 MP: 2/2
    28 | D:2      | Found a faded altar of an unknown god.
   146 | D:2      | Noticed Jessica
   149 | D:2      | Noticed Terence
   245 | D:4      | Noticed a scorpion
   295 | D:5      | Entered Level 5 of the Dungeon
   417 | D:6      | Found a shadowy altar of Dithmenos.
   449 | D:7      | Noticed an ogre
   449 | D:7      | Found a staircase to the Ecumenical Temple.
   452 | D:7      | Noticed an iguana
   459 | D:7      | Noticed an orc priest
   473 | D:7      | Killed from afar by an orc priest

Illustrated notes

Levels and vault maps discovered:
D:1:      dpeg_arrival_simpleton_c, layout_rooms
D:2:      layout_basic, chequers_ecumenical_altar_simple, minmay_liquid_box,
          kennysheep_nub, minmay_misc_feat_hallway, uniq_terence, uniq_natasha,
          uniq_jessica
D:3:      layout_basic, lemuel_tele_altar, nicolae_figureground_pulse
D:4:      layout_cave_pods, mainiacjoe_overflow_brackets, serial_shops, shop
D:5:      layout_cave_pools, nicolae_ru_awakened_eye, kennysheep_crisscross
D:6:      layout_basic, mainiacjoe_overflow_paths,
          mainiacjoe_overflow_catch_the_wave, grunt_decor_fettered,
          uniq_menkaure
D:7:      layout_gridville, eat_drink_and_be_merry_uskayaw,
          minmay_temple_entry_statues_fountains, serial_shops,
          kennysheep_mini_moat, corexii_checkpoint_a, nrook_mini_backslash

Action                     || total
---------------------------++-------
  Melee: Short sword       ||    13
    Use: Potion            ||     1
 Armour: Robe              ||    19
  Dodge: Dodged            ||    44

Table legend: (Time is in decaauts)
 A = Elapsed time spent in this place.
 B = Non-inter-level travel time spent in this place.
 C = Inter-level travel time spent in this place.
 D = Time resting spent in this place.
 E = Time spent auto-exploring this place.
 F = Levels seen in this place.
 G = Mean time per level.
                   A        B        C        D        E       F      G
               +--------+--------+--------+--------+--------+-----+--------+
         Total |    308 |    308 |      0 |     27 |     38 |   7 |   44.0 |
       Dungeon |    308 |    308 |      0 |     27 |     38 |   7 |   44.0 |
               +--------+--------+--------+--------+--------+-----+--------+

Top non-repeatable levels by time:
     D:2: 128 daAuts
     D:5: 61 daAuts
     D:6: 43 daAuts
     D:4: 35 daAuts
     D:7: 15 daAuts
     D:1: 14 daAuts
     D:3: 10 daAuts
